cohdb
Replays
Latest Replays
All Replays
Popular Replays
Top Player Replays
Match Explorer
How It Works
Community
CoH3 Stats
Reddit
Sign in to upload your games and track your stats! →
Sign in with Steam
Close Game Kekw
Match 16087420
Overview
Messages
Build Orders
End
Kettenkrad Recon Vehicle
Construct Infanterie Kompanie
Sniper
MG 42 Machine Gun Team
Construct Luftwaffe Kompanie
Jäger Squad
Selects Mechanized Battlegroup
Selects Raid Package
Jäger Squad
Construct Panzer Kompanie
Selects Fuel Seizure
Selects Zeroing Artillery Barrage
Panzer IV Medium Tank
Pioneer Squad
Medical Bunker
Panzer IV Medium Tank
Panzer Officer Quarters
Panzer IV Medium Tank
Selects Wespe Self-propelled Artillery
Panzer IV Medium Tank
Panzer IV Medium Tank
Selects 8 Rad Armored Car
Side Skirts
Panzer IV Medium Tank
Panzer IV Medium Tank
MG 42 Bunker
Panzer IV Medium Tank
Selects Panther Heavy Tank
Exerate
thekaelz
MonoChrome
Poncho Villa
0
0
Comments
sign in to comment!
Poncho Villa
over 1 year ago
I felt like we almost had em until we didn't.